 Dungeon Sprint DCSS version 0.30-a0-58-gc0703345a7 (webtiles) character file.

Game seed: 6242092856237390070

578 lesbiats the Basher (level 7, 0/112 HPs)
             Began as a Troll Fighter on Sept 12, 2022.
             Was an Initiate of Jiyva.
             Engulfed by a steam dragon's steam (7 damage)
             ... in the Dungeon (Sprint IX: "|||||||||||||||||||||||||||||").
             The game lasted 00:02:03 (135 turns).

lesbiats the Basher (Troll Fighter)                  Turns: 135, Time: 00:02:04

Health: 0/112      AC:  5    Str: 33    XL:     7   Next: 13%
Magic:  6/6        EV: 10    Int:  4    God:    Jiyva [......]
Gold:   0          SH:  0    Dex:  9    Spells: 6/6 levels left

rFire   . . .      SeeInvis .    a - +0 flail
rCold   . . .      Faith    .    c - +0 kite shield
rNeg    . . .      Spirit   .    b - +0 robe
rPois   .          Reflect  .    (helmet restricted)
rElec   .          Harm     .    n - +0 cloak
rCorr   .          Rampage  .    (gloves unavailable)
Will    .....      NoTele   +    (boots unavailable)
Stlth   ..........               (no amulet)
HPRegen 1.08/turn                o - +3 ring of strength
MPRegen 0.10/turn                p - +3 ring of strength

@: confused, berserking (expiring), lethally poisoned (0 -> 0), very quick
A: large, unfitting armour, claws 3, regeneration 1, shaggy fur 1, tough skin 1
a: Renounce Religion


You were in the Dungeon.
You worshipped Jiyva.
Jiyva was noncommittal.
You visited 1 branch

Inventory:

Hand Weapons
 a - a +0 flail (weapon)
 m - a +2 vorpal dire flail
Armour
 b - a +0 robe (worn)
 c - a +0 kite shield (worn)
 n - a +0 cloak (worn)
Jewellery
 o - a +3 ring of strength (left claw)
 p - a +3 ring of strength (right claw)
Wands
 l - a wand of acid (10)
Scrolls
 j - 2 scrolls of blinking
 k - 2 scrolls of amnesia
Potions
 d - a potion of invisibility
 e - 5 potions of curing
 f - 2 potions of heal wounds
 g - a potion of haste
 h - 4 potions of magic


   Skills:
 + Level 6.2 Fighting
 * Level 9.1 Maces & Flails
 + Level 6.7 Dodging
 + Level 6.5 Shields


You had 6 spell levels left.
You didn't know any spells.
Your spell library was empty.

Dungeon Overview and Level Annotations

Branches:
Dungeon (1/1)

Altars:
Cheibriados
Dithmenos
Elyvilon
Fedhas
Gozag
Hepliaklqana
Kikubaaqudgha
Makhleb
Nemelex Xobeh
Okawaru
Qazlal
Ru
Sif Muna
Trog
Uskayaw
Vehumet
Wu Jian
Xom
Yredelemnul
Zin
The Shining One
Jiyva
Lugonu


Innate Abilities, Weirdness & Mutations

You are too large for most types of armour.
You have claws for hands.
Your natural rate of healing is unusually fast.
You are covered in fur. (AC +1)
You have tough skin. (AC +1)


Message History

You closely miss the killer bee. The killer bee stings you.
* * * LOW HITPOINT WARNING * * *
You are poisoned.
The killer bee poisons you!
You hit the killer bee.
The killer bee is lightly wounded.
You feel sick. The killer bee stings you.
* * * LOW HITPOINT WARNING * * *
The killer bee misses you.
You miss the killer bee.
The killer bee is lightly wounded.
You feel sick. You block the killer bee's attack.
You sock the killer bee!
The killer bee is almost dead.
You feel sick. The killer bee stings you.
* * * LOW HITPOINT WARNING * * *
The killer bee closely misses you.
You thump the killer bee!
You kill the killer bee!
You feel sick.
Your Maces & Flails skill increases to level 9!
Unknown command.
You are too berserk!
You hear some strange, mumbled words.
Deactivating autopickup; reactivate with Ctrl-A.
You are confused.
The steam dragon breathes steam at you.
The ball of steam hits something!!
Reactivating autopickup.
The ball of steam hits you.
* * * LOW HITPOINT WARNING * * *
There is an open door to the Dungeon, spattered with blood here.
You're too confused to move!
You feel a strong urge to attack something.
You are engulfed in a cloud of scalding steam.
* * * LOW HITPOINT WARNING * * *
You feel sick.
You bump into the unnaturally hard rock wall.
You are engulfed in a cloud of scalding steam.
You die...

▓+▓
▓.▓
▓.▓
▓D▓
▓)▓
▓§▓
▓§▓
▓@▓
▓§▓
▓§▓
▓[▓
▓[▓
▓.▓
▓.▓
▓)▓
▓.▓


There were no monsters in sight!

Vanquished Creatures
  A troll (D)
  A black bear (D)
  A phantom (D)
  A gnoll sergeant (D)
  A scorpion (D)
  A killer bee (D)
  An orc wizard (D)
  An adder (D)
  An orc (D)
  An endoplasm (D)
  A giant cockroach (D)
  A hobgoblin (D)
  A jackal (D)
  A kobold (D)
14 creatures vanquished.

Vanquished Creatures (others)
  A great orb of eyes (D)
  2 slime creatures (D)
  An orc wizard (D)
4 creatures vanquished.

Grand Total: 18 creatures vanquished

Notes
Turn   | Place    | Note
-------+----------+-------------------------------------------
     0 | D        | lesbiats the Troll Fighter began the quest for the Orb.
     0 | D        | Reached XP level 1. HP: 22/22 MP: 0/0
     6 | D        | Reached skill level 2 in Maces & Flails
    32 | D        | Noticed a black bear
    32 | D        | Noticed a scorpion
    32 | D        | Noticed a phantom
    34 | D        | Reached XP level 2. HP: 31/31 MP: 1/1
    40 | D        | Killed a phantom
    41 | D        | Reached skill level 4 in Maces & Flails
    41 | D        | Reached XP level 3. HP: 33/39 MP: 2/2
    41 | D        | Reached XP level 4. HP: 41/48 MP: 3/3
    46 | D        | Killed a scorpion
    47 | D        | Reached skill level 5 in Maces & Flails
    47 | D        | Reached XP level 5. HP: 55/55 MP: 4/4
    48 | D        | Killed a black bear
    49 | D        | Reached skill level 5 in Fighting
    49 | D        | Reached skill level 6 in Maces & Flails
    49 | D        | Reached skill level 5 in Dodging
    49 | D        | Reached skill level 5 in Shields
    54 | D        | Found a snail-covered altar of Cheibriados.
    54 | D        | Found a shadowy altar of Dithmenos.
    54 | D        | Found a white marble altar of Elyvilon.
    54 | D        | Found a blossoming altar of Fedhas.
    54 | D        | Found an opulent altar of Gozag.
    55 | D        | Found a hazy altar of Hepliaklqana.
    56 | D        | Found a viscous altar of Jiyva.
    57 | D        | Found an ancient bone altar of Kikubaaqudgha.
    58 | D        | Found a corrupted altar of Lugonu.
    59 | D        | Found a burning altar of Makhleb.
    60 | D        | Found a sparkling altar of Nemelex Xobeh.
    61 | D        | Found an iron altar of Okawaru.
    62 | D        | Found a stormy altar of Qazlal.
    63 | D        | Found a sacrificial altar of Ru.
    64 | D        | Became a worshipper of Jiyva Jeno the Shapeless
    65 | D        | Found a shimmering blue altar of Sif Muna.
    66 | D        | Found a bloodstained altar of Trog.
    66 | D        | Killed a slime creature
    66 | D        | Killed a slime creature
    67 | D        | Found a hide-covered altar of Uskayaw.
    67 | D        | Killed a great orb of eyes
    68 | D        | Found a radiant altar of Vehumet.
    69 | D        | Found an ornate altar of the Wu Jian Council.
    70 | D        | Found a shimmering altar of Xom.
    71 | D        | Found a basalt altar of Yredelemnul.
    72 | D        | Found a glowing silver altar of Zin.
    73 | D        | Found a glowing golden altar of the Shining One.
   106 | D        | Noticed a steam dragon
   106 | D        | Noticed a troll
   113 | D        | Reached skill level 7 in Maces & Flails
   113 | D        | Reached XP level 6. HP: 61/66 MP: 5/5
   123 | D        | Killed a troll
   124 | D        | Reached skill level 8 in Maces & Flails
   128 | D        | Reached XP level 7. HP: 30/75 MP: 6/6
   133 | D        | Reached skill level 9 in Maces & Flails
   135 | D        | Engulfed by a steam dragon's steam

Illustrated notes

Levels and vault maps discovered:
D:        linesprint [early_d, line_temple, items_1, d_10, items_2, lair_1,
          lair_end, items_3, orc_1, orc_end, items_4, d_15, swamp_1, shoals_1,
          snake_1, spider_1, d_20, vaults_1, items_5, swamp_end, shoals_end,
          snake_end, spider_end, vaults_end, d_27, items_6, zot_1, zot_end,
          crypt_end, forest_end, elf_end, slime_end, tomb_end, abyss_end,
          pan_hell_end]

Skill      XL: |  1  2  3  4  5  6  7 |
---------------+----------------------+-----
Maces & Flails | 2 4 5 7 8 9 |  9.1
Shields        | 3 4 5 6 |  6.5
Fighting       | 3 4 5 6 |  6.2
Dodging        | 3 4 5 6 |  6.7

Action                   |  1- 3 |  4- 6 |  7- 9 || total
-------------------------+-------+-------+-------++-------
Melee: Flail             |    28 |    25 |     5 ||    58
  Use: Potion            |     1 |     2 |       ||     3
Armor: Robe              |     7 |    10 |       ||    17
Dodge: Dodged            |     7 |    14 |     2 ||    23
Block: Kite shield       |    13 |    15 |     1 ||    29

Table legend: (Time is in decaauts)
 A = Elapsed time spent in this place.
 B = Non-inter-level travel time spent in this place.
 C = Inter-level travel time spent in this place.
 D = Time resting spent in this place.
 E = Time spent auto-exploring this place.
 F = Levels seen in this place.
 G = Mean time per level.
                   A        B        C        D        E       F      G
               +--------+--------+--------+--------+--------+-----+--------+
         Total |    146 |    146 |      0 |      0 |      0 |   1 |  146.0 |
       Dungeon |    146 |    146 |      0 |      0 |      0 |   1 |  146.0 |
               +--------+--------+--------+--------+--------+-----+--------+

Top non-repeatable levels by time:
       D: 146 daAuts
